 Dungeon Crawl Stone Soup version 0.19-a0-14-gde87d98 (webtiles) character file.

518890 vale the Phalangite (level 25, -9/217 HPs)
             Began as a Merfolk Wizard on Apr 25, 2016.
             Was the Champion of Kikubaaqudgha.
             Mangled by a titan (19 damage)
             ... on level 5 of the Vaults on Apr 30, 2016.
             The game lasted 08:28:33 (90373 turns).

vale the Phalangite (Merfolk Wizard)               Turns: 90373, Time: 08:28:34

Health: -9/217     AC: 16    Str:  8    XL:     25   Next: 81%
Magic:  2/43       EV: 26    Int: 35    God:    Kikubaaqudgha [******]
Gold:   2962       SH:  0    Dex: 15    Spells: 16 memorised, 5 levels left

rFire  + . .     SeeInvis .     a - +7 glaive (pain)
rCold  . . .     Gourm    .     Z - +3 robe of Clouds {+Fly rElec}
rNeg   + . .     Faith    .     (shield currently unavailable)
rPois  +         Spirit   .     W - +1 hat "Gyraixt" {rElec Slay+2}
rElec  +         Dismiss  .     G - +2 cloak {rPois}
rCorr  .         Reflect  .     s - +2 pair of gloves
SustAt .         Harm     .     p - +2 pair of boots
MR     +....                    T - amulet "Jiemeogh" {RegenMP MR+}
Stlth  ++++++....               B - ring of Saohaoh {*Drain rElec rN+ Int+4 Stlth+}
                                K - ring of protection from fire

@: brilliant, vulnerable, very slightly contaminated, regenerating, studying
Polearms, repel missiles, somewhat resistant to hostile enchantments, very
stealthy
A: change form in water, swift swim
a: Receive Corpses, Torment, Renounce Religion, Evoke Flight
}: 2/15 runes: decaying, serpentine


You were on level 5 of the Vaults.
You worshipped Kikubaaqudgha.
Kikubaaqudgha was exalted by your worship.
You were hungry.

You visited 10 branches of the dungeon, and saw 50 of its levels.

You collected 6233 gold pieces.
You spent 3271 gold pieces at shops.

Inventory:

Hand Weapons
 a - a +7 glaive of pain (weapon)
Armour
 p - a +2 pair of boots (worn)
 s - a +2 pair of gloves (worn)
 G - a +2 cloak of poison resistance (worn)
 W - the +1 hat "Gyraixt" (worn) {rElec Slay+2}
   (You bought it in a shop on level 2 of the Orcish Mines)

   It affects your accuracy and damage with ranged weapons and melee attacks
   (+2).
   It insulates you from electricity.
 Z - the +3 robe of Clouds (worn) {+Fly rElec}
   (You bought it in a shop on level 2 of the Vaults)

   It insulates you from electricity.
   It lets you fly.
Rods
 b - a +1 rod of clouds (9/9)
   (You found it on level 3 of the Elven Halls)
Jewellery
 o - an uncursed ring of protection from cold
 B - the ring of Saohaoh (right hand) {*Drain rElec rN+ Int+4 Stlth+}
   (You took it off a deep elf death mage on level 3 of the Elven Halls)

   [ring of positive energy]

   It affects your intelligence (+4).
   It insulates you from electricity.
   It protects you from negative energy.
   It causes draining when unequipped.
   It makes you more stealthy.
 E - a +3 ring of protection
 K - a ring of protection from fire (left hand)
 T - the amulet "Jiemeogh" (around neck) {RegenMP MR+}
   (You found it on level 4 of the Swamp)

   [amulet of magic regeneration]

   It increases your magic regeneration.
   It affects your resistance to hostile enchantments.
Wands
 k - a wand of digging (11/24)
 n - a wand of hasting (3/9)
 t - a wand of disintegration (16/24)
 w - a wand of teleportation (4/9)
Scrolls
 i - 8 scrolls of teleportation
 j - 22 scrolls of remove curse
 r - 10 scrolls of recharging
 v - a scroll of vulnerability
 x - 3 scrolls of identify
 y - 2 scrolls of silence
 z - 4 scrolls of fog
 A - 2 scrolls of blinking
 R - 8 scrolls of magic mapping
Potions
 e - 2 potions of cure mutation
 f - 5 potions of heal wounds
 l - 10 potions of might
 u - 2 potions of invisibility
 F - 7 potions of flight
 H - 14 potions of curing
 I - 3 potions of magic
 J - 4 potions of cancellation
 M - 6 potions of agility
 U - 2 potions of haste
 X - a potion of resistance
Books
 D - a manual of Polearms
Miscellaneous
 c - a lamp of fire
 m - an ornate deck of wonders {the Alchemist}
 N - a fan of gales
 P - a box of beasts
Comestibles
 d - 7 bread rations {@e1}
 g - 3 fruits
 h - 3 chunks of flesh {@w0}


   Skills:
 - Level 22.2 Fighting
   Level 1.0 Short Blades
 + Level 22.5 Polearms
 - Level 6.5 Armour
 + Level 20.8 Dodging
 - Level 13.0 Stealth
 - Level 16.0 Spellcasting
 - Level 5.4 Conjurations
 - Level 5.1 Charms
 * Level 15.2 Summonings
 - Level 12.0 Necromancy
 - Level 11.1 Translocations
 - Level 4.0 Ice Magic
 - Level 2.7 Air Magic
 - Level 3.9 Evocations


You had 5 spell levels left.
You knew the following spells:

 Your Spells              Type           Power        Failure   Level  Hunger
a - Magic Dart            Conj           ####         1%          1    None
b - Shroud of Golubria    Chrm/Tloc      #######...   1%          2    None
c - Conjure Flame         Conj/Fire      ######..     1%          3    None
d - Mephitic Cloud        Conj/Pois/Air  ######..     1%          3    None
f - Repel Missiles        Chrm/Air       ######       1%          2    None
g - Regeneration          Chrm/Necr      #######...   1%          3    None
h - Simulacrum            Ice/Necr       #######...   1%          6    None
i - Iskenderun's Mystic   Conj           ######..     1%          4    None
k - Apportation           Tloc           #######...   0%          1    None
m - Animate Skeleton      Necr           N/A          0%          1    None
n - Animate Dead          Necr           N/A          1%          4    None
o - Agony                 Necr           #######.     1%          5    None
p - Blink                 Tloc           N/A          1%          2    None
u - Dispel Undead         Necr           #######.     1%          5    None
v - Sublimation of Blood  Necr           #######...   0%          2    None
O - Malign Gateway        Summ/Tloc      #######...   1%          7    ####...


Dungeon Overview and Level Annotations

Branches:
Dungeon (15/15)            Temple (1/1) D:7            Lair (8/8) D:9
  Swamp (4/4) Lair:6        Snake (4/4) Lair:6        Slime (0/6) Lair:8
    Orc (2/2) D:12            Elf (3/3) Orc:2        Vaults (5/5) D:14
  Crypt (3/3) Vaults:3       Tomb (0/3) Crypt:3      Depths (5/5) D:15
    Zot (0/5) Depths:5

Altars:
Ashenzari
Cheibriados
Dithmenos
Elyvilon
Fedhas
Gozag
Kikubaaqudgha
Makhleb
Nemelex Xobeh
Okawaru
Pakellas
Qazlal
Ru
Sif Muna
Trog
Vehumet
Xom
Yredelemnul
Zin
The Shining One
Beogh
Lugonu

Shops:
D:11 ?   D:12 (   Orc:1 *   Orc:2 =[*(   Vaults:2 *   Vaults:3 (   Vaults:4 ?
Vaults:5 :!?   Depths:1 :   Depths:5 [![*

Portals:
Hell: Depths:1 Depths:2 Depths:4 Depths:5
Abyss: Depths:2 Depths:4
Pandemonium: Depths:2 Depths:5
Ziggurat: Depths:5

Annotations:
D:2 Natasha
D:4 mibe's ghost, amateur HuHu
D:8 exclusion: Psyche, Psyche
D:15 exclusion: Roxanne, Roxanne
Lair:5 exclusion: hydra
Elf:2 3 runed doors


Message History

The bolt of lightning hits you! You resist.
* * * LOW HITPOINT WARNING * * *
You take 15 damage, and have 22/217 hp.
You now have 1/43 mp.
Drink which item? (? for menu, Esc to quit)
You feel much better.
The ironheart preserver completely misses you.
The phantasmal warrior hits you!!
* * * LOW HITPOINT WARNING * * *
The titan gestures at you while chanting.
The bolt of lightning hits you! You resist.
* * * LOW HITPOINT WARNING * * *
You take 14 damage, and have 8/217 hp.
Read which item? (? for menu, Esc to quit)
Blink to where?
You are very lightly contaminated with residual magic.
As you read the scroll of blinking, it crumbles to dust.
A yaktaur captain and a titan come into view.
The titan hits you!!
You die...
Kikubaaqudgha rasps: "You have failed me!
Welcome... death!"

*,,*,,#....p§LC.......,,,,*
*,,*,,########p§§..##******
*,,*,,,,,,,..#.....#,,,,,,,
*,,*,,,,,,,...§L§..#,,,,,,,
*,,*,,,,,,,,.#§∩C§§#,,,,,,,
*,,*,,########§§§pW#######*
*,,*,,#......§..§§C§§C....*
*,,*,,#.......#####§§.....*
*,,*,,#(..@C..#,,,*§§...."#
*,,*,,#[[.....#,,,*...../$#
*,,*,,#φc?....#,,,*....[$)#
*,,*,,#########,,,*########
*,,*,,,,,,,,,,,,,,,,,,,,...
*,,,,,,,,,,,,,,,,,,,,,,,,..
*,,,,*****************#####
*,,,,,,,,,,,,,,,,,,,,,.....
*,,,,,,,,,,,,,,,,,,,,,.....


You could see an ironheart preserver, a titan and a yaktaur captain (wandering).

Vanquished Creatures
  An ancient lich (Crypt:3)
  Frederick (Depths:4)
  Saint Roka (Orc:2)
  A bone dragon (Depths:5)
  Nikola (Vaults:3)
  2 liches (Crypt:3)
  A titan (Vaults:5)
  Gastronok (D:11)
  5 sphinxes
  A thorn hunter (Swamp:4)
  An ancient champion (Crypt:3)
  Kirke (Swamp:3)
  A storm dragon (Depths:4)
  2 shadow dragons
  5 tengu reavers
  6 fire giants
  7 greater nagas
  4 revenants
  An orc warlord (Orc:2)
  A large abomination (Vaults:5)
  6 frost giants
  A draconian knight (Depths:5)
  A fire giant (shapeshifter) (Depths:1)
  7 vault wardens
  Donald (Swamp:4)
  A draconian scorcher (Depths:5)
  12 deep elf sorcerers
  Aizul (D:14)
  Louise (Snake:2)
  4 ghouls
  5 curse skulls
  14 stone giants
  3 reapers
  3 deep elf elementalists
  10 ironheart preservers
  2 war gargoyles
  21 very ugly things
  2 green draconians (Depths:5)
  2 salamander stormcallers
  6 vampire knights
  8 deep elf demonologists
  2 yellow draconians (Depths:5)
  7 deep elf annihilators (Elf:3)
  4 spark wasps
  2 white draconians (Depths:5)
  Azrael (Snake:3)
  9 vault guards
  A mummy priest (Crypt:3)
  Snorg (D:13)
  7 ettins
  6 eidola
  9 jiangshi
  9 fire dragons
  A quicksilver dragon zombie (Crypt:3)
  10 deep elf death magi
  6 deep elf high priests
  7 great orbs of eyes
  A quicksilver dragon skeleton (Crypt:3)
  15 hydras
  19 naga warriors
  12 yaktaur captains
  8 ice dragons
  2 catoblepae
  10 entropy weavers
  4 rakshasas
  4 spriggan air magi
  Erica (D:10)
  6 centaur warriors
  6 alligators
  2 death knights
  11 anacondas
  18 dancing weapons
  A queen ant (D:11)
  6 tengu warriors
  9 ogre magi
  11 death yaks
  3 deep troll shamans
  An orc high priest (Orc:1)
  9 deep troll earth magi
  5 vampire magi
  2 spriggan berserkers
  3 shock serpents (Snake:4)
  22 deep elf knights
  A titan skeleton (Crypt:3)
  19 naga sharpshooters
  18 hell knights
  Sonja (D:11)
  8 soul eaters
  An iron troll (Depths:1)
  2 storm dragon zombies
  A fire crab (shapeshifter) (Depths:5)
  3 shadow wraiths
  5 salamander mystics
  A fire crab (Vaults:2)
  21 skeletal warriors
  4 unseen horrors
  2 anaconda zombies (Crypt:3)
  2 flayed ghosts
  3 giant orange brains
  A sea snake (shapeshifter) (Vaults:1)
  6 naga ritualists
  5 hill giants
  6 swamp dragons
  28 deep trolls
  12 phantasmal warriors
  14 deep elf archers
  A shambling mangrove (Swamp:2)
  A golden dragon skeleton (Crypt:1)
  34 ugly things
  12 orc knights
  11 ironbrand convokers
  10 mana vipers
  7 harpies (Vaults:3)
  2 wolf spider zombies (Crypt:3)
  A shining eye (shapeshifter) (Vaults:1)
  A stone giant zombie (Crypt:3)
  3 wolf spiders
  5 orc sorcerers
  A shadow dragon skeleton (Vaults:4)
  18 necromancers
  3 griffons
  3 cyclopes
  3 frost giant zombies
  An oklob plant (Lair:7)
  62 deep elf magi
  3 hornets
  A manticore (D:12)
  15 salamanders
  6 wizards
  21 elephants
  3 fire giant skeletons
  A stone giant skeleton (Crypt:3)
  7 vault sentinels
  3 centaur zombies
  A titan simulacrum (Vaults:4)
  2 guardian serpents
  A moth of wrath (shapeshifter) (Depths:2)
  A human skeleton (Vaults:4)
  5 torpor snails
  38 black mambas
  A spiny frog (shapeshifter) (D:14)
  21 naga magi
  A rime drake (Lair:5)
  A smoke demon (Depths:4)
  25 spiny frogs
  2 dire elephant skeletons
  3 kobold demonologists
  An iron troll zombie (Crypt:1)
  A rime drake (shapeshifter) (Vaults:2)
  2 yaktaur skeletons
  2 komodo dragons (shapeshifter)
  5 komodo dragons
  32 yaktaurs
  17 hellwings
  A guardian mummy (Crypt:3)
  2 red devils (Depths:4)
  8 freezing wraiths
  A mottled draconian skeleton (Crypt:2)
  8 polar bears
  A jumping spider (shapeshifter) (Depths:1)
  A troll (shapeshifter) (Vaults:4)
  9 trolls
  A hydra zombie (Crypt:3)
  A spriggan druid (Lair:8)
  A tengu conjurer (D:15)
  2 jumping spiders
  A hydra skeleton (Crypt:3)
  2 giant leeches
  16 two-headed ogres
  2 ushabtiu (Crypt:3)
  9 bog bodies
  A death drake skeleton (Crypt:2)
  2 wind drakes (shapeshifter)
  2 ettin zombies (Crypt:3)
  4 boulder beetles
  53 slime creatures
  A tengu simulacrum (Vaults:4)
  30 blink frogs
  A stone giant simulacrum (Vaults:1)
  A fire giant simulacrum (Vaults:2)
  2 ice dragon zombies (Crypt:3)
  A fire dragon skeleton (Crypt:3)
  A redback (shapeshifter) (Depths:1)
  A spriggan (shapeshifter) (Depths:2)
  A flying skull (Vaults:3)
  2 ettin skeletons
  An ice dragon skeleton (Crypt:3)
  18 spriggans
  12 air elementals
  A vampire (D:13)
  21 redbacks
  5 shadows
  A wyvern (D:9)
  74 yaks
  A yak (shapeshifter) (Vaults:2)
  2 water elementals
  13 fire elementals
  9 wraiths
  2 tarantellas (Depths:5)
  2 hogs (Swamp:3)
  A human (shapeshifter) (D:13)
  A human (Swamp:3)
  A hog (shapeshifter) (Vaults:3)
  2 hungry ghosts
  18 vampire mosquitoes
  6 basilisks
  9 hippogriffs
  A hippogriff (shapeshifter) (D:13)
  A mottled dragon (shapeshifter) (Depths:5)
  4 insubstantial wisps (Swamp:2)
  A glowing shapeshifter zombie (Crypt:2)
  3 mottled dragons (Vaults:2)
  15 swamp worms
  23 wargs
  53 nagas
  A swamp worm (shapeshifter) (Depths:4)
  14 soldier ants
  A merfolk zombie (Crypt:3)
  13 water moccasins
  7 hell hounds
  A putrid demonspawn zombie (Crypt:1)
  Duvessa (D:6)
  39 orc warriors
  8 porcupines
  2 black bears (shapeshifter)
  8 swamp drakes
  6 sky beasts
  8 black bears
  12 wasps
  6 ice beasts
  3 necrophages
  A phantom (D:9)
  33 ogres
  A snapping turtle skeleton (Crypt:2)
  A swamp dragon skeleton (Crypt:1)
  15 boggarts
  9 centaurs
  26 wolves
  15 crocodiles
  4 big kobolds
  An elf zombie (Crypt:3)
  9 earth elementals
  8 giant frogs
  A deep troll simulacrum (Vaults:2)
  5 wyvern skeletons
  4 scorpions
  Dowan (D:6)
  A hell hound skeleton (Crypt:1)
  14 killer bees
  8 wights (Crypt:1)
  A howler monkey (D:5)
  3 electric eels
  10 crimson imps
  A human zombie (Crypt:3)
  7 hounds
  A quasit (D:11)
  A giant frog zombie (D:10)
  3 jellies
  30 orc wizards
  21 orc priests
  A demonspawn skeleton (Crypt:2)
  2 giant frog skeletons
  4 centaur skeletons
  A basilisk skeleton (Crypt:1)
  Ijyb (D:3)
  Terence (D:2)
  18 iguanas
  37 worker ants
  2 crocodile zombies (Crypt:2)
  11 sheep
  A dwarf skeleton (Crypt:1)
  A crocodile skeleton (Crypt:2)
  A naga skeleton (Crypt:1)
  A hound skeleton (D:7)
  A worker ant zombie (D:6)
  Robin (D:2)
  A howler monkey zombie (D:11)
  7 adders
  3 howler monkey skeletons
  36 river rats
  4 shadow imps
  2 oozes
  3 worms
  4 giant geckos
  114 orcs
  A giant cockroach (D:3)
  7 goblins
  9 hobgoblins
  2 jackals (D:1)
  19 kobolds
  2 quokkas
  A ball python (D:1)
  12 bats
  4 giant newts
  A jackal skeleton (D:6)
  2 kobold zombies
  An orc zombie (Crypt:3)
  7 rats
  4 briar patches
  5 crawling corpses
  A fungus (Lair:7)
  8 lost souls
  A plant (Lair:6)
2173 creatures vanquished.

Vanquished Creatures (collateral kills)
  A lich (Depths:2)
  2 sphinxes (Vaults:5)
  A shadow dragon (Depths:2)
  4 thorn hunters
  3 greater nagas (Snake:4)
  A deep elf sorcerer (Vaults:5)
  3 vault wardens
  A ghoul (Vaults:5)
  A very ugly thing (Depths:1)
  A stone giant (Vaults:5)
  A deep elf annihilator (Vaults:5)
  A spark wasp (Depths:4)
  2 deep elf death magi
  An ettin (Depths:4)
  A fire dragon (Depths:1)
  6 vault guards
  4 ogre magi
  4 yaktaur captains
  2 ice dragons
  A naga warrior (Snake:4)
  3 great orbs of eyes
  2 spriggan air magi
  10 hydras
  An anaconda (Snake:2)
  A dancing weapon (Vaults:5)
  2 alligators
  2 deep troll shamans
  A deep troll earth mage (Depths:4)
  2 death yaks (Lair:6)
  5 naga sharpshooters
  A shock serpent (Snake:4)
  A deep elf knight (Vaults:3)
  A giant orange brain (Vaults:3)
  An unseen horror (Vaults:1)
  5 swamp dragons (Swamp:4)
  5 deep trolls
  5 naga ritualists
  A phantasmal warrior (Vaults:5)
  4 hill giants
  A griffon (Lair:7)
  A harpy (Vaults:3)
  2 deep elf magi (Elf:3)
  3 hornets
  3 mana vipers
  An orc sorcerer (Orc:2)
  3 salamanders
  A manticore (D:12)
  2 ugly things
  9 black mambas
  8 elephants
  3 naga magi
  A guardian serpent (Snake:2)
  5 spiny frogs
  A vault sentinel (Vaults:1)
  A gargoyle (D:10)
  7 yaktaurs
  A rime drake (Lair:4)
  A hellwing (Depths:4)
  A yaktaur (shapeshifter) (Vaults:5)
  An efreet (D:14)
  A tengu conjurer (Depths:4)
  A polar bear (shapeshifter) (Vaults:4)
  A troll (D:12)
  A polar bear (Lair:8)
  8 slime creatures
  8 two-headed ogres
  A giant leech (Swamp:1)
  5 blink frogs
  An air elemental (Depths:1)
  6 spriggans
  3 redbacks (Depths:4)
  10 yaks
  A basilisk (Lair:8)
  3 vampire mosquitoes (Swamp:4)
  4 swamp worms
  2 hippogriffs
  A warg (D:12)
  A soldier ant (D:11)
  8 nagas
  A water moccasin (Lair:3)
  3 hell hounds (Depths:4)
  A giant eyeball (Depths:5)
  8 orc warriors
  3 swamp drakes (Swamp:4)
  An ice beast (D:12)
  6 wasps
  A sky beast (D:12)
  17 ogres
  3 centaurs
  8 wolves
  A boggart (Vaults:3)
  3 crocodiles
  Blork the orc (Orc:2)
  3 giant frogs
  An earth elemental (D:13)
  A killer bee (D:12)
  4 electric eels (Snake:1)
  A crimson imp (D:12)
  A quasit (D:12)
  A jelly (D:12)
  3 orc priests
  4 iguanas
  An orc wizard (Orc:2)
  3 worker ants
  3 sheep (Lair:5)
  2 adders
  9 river rats
  A worm (shapeshifter) (Depths:5)
  14 orcs
  2 goblins (D:2)
  A briar patch (Swamp:2)
  A crawling corpse (Vaults:5)
  A fire vortex (Vaults:5)
  3 fungi
  3 plants
336 creatures vanquished.

Vanquished Creatures (others)
  A deep elf high priest (Elf:3)
  A wizard (Depths:4)
  A naga (Snake:2)
  An ogre (Vaults:5)
  A wasp (Swamp:4)
  A giant frog (Lair:5)
  A worker ant (D:11)
  An adder (D:4)
  An orc (Orc:1)
  4 briar patches (Swamp:4)
  2 bushes
  A fire vortex (Vaults:5)
  42 fungi
  A lost soul (Crypt:3)
  36 plants
  4 withered plants (Crypt:3)
99 creatures vanquished.

Grand Total: 2608 creatures vanquished

Notes
Turn   | Place    | Note
--------------------------------------------------------------
     0 | D:1      | vale the Merfolk Wizard began the quest for the Orb.
     0 | D:1      | Reached XP level 1. HP: 13/13 MP: 4/4
     2 | D:1      | Noticed a demonspawn
     4 | D:1      | Noticed a ghoul
     4 | D:1      | Noticed an elf
     6 | D:1      | Noticed a formicid
     6 | D:1      | Noticed a troll
     8 | D:1      | Noticed a demigod
     8 | D:1      | Noticed a tengu
    10 | D:1      | Noticed a merfolk
    10 | D:1      | Noticed a draconian
    12 | D:1      | Noticed a vampire
    14 | D:1      | Noticed a spriggan
    16 | D:1      | Noticed an octopode
    16 | D:1      | Noticed an ogre
    18 | D:1      | Noticed a gargoyle
    18 | D:1      | Noticed a naga
    20 | D:1      | Noticed a vine stalker
    20 | D:1      | Noticed a felid
    22 | D:1      | Noticed a dwarf
    22 | D:1      | Noticed a centaur
    24 | D:1      | Noticed a human
    24 | D:1      | Noticed a halfling
    26 | D:1      | Noticed a minotaur
    98 | D:1      | Reached skill level 1 in Conjurations
   176 | D:1      | Reached XP level 2. HP: 17/19 MP: 0/6
   266 | D:1      | Found a sparkling altar of Nemelex Xobeh.
   645 | D:1      | Learned a level 2 spell: Call Imp
   648 | D:1      | Learned a level 2 spell: Blink
  1486 | D:2      | Noticed Robin
  2016 | D:2      | Reached XP level 3. HP: 24/24 MP: 2/7
  2062 | D:2      | Killed Robin
  2213 | D:2      | Noticed Natasha
  2270 | D:2      | Noticed Terence
  2303 | D:2      | Killed Terence
  2303 | D:2      | Reached XP level 4. HP: 29/30 MP: 6/8
  2922 | D:3      | Noticed Ijyb
  2938 | D:3      | Killed Ijyb
  3364 | D:3      | Noticed a sky beast
  3396 | D:3      | Killed a sky beast
  3396 | D:3      | Reached XP level 5. HP: 28/35 MP: 3/9
  3455 | D:3      | Learned a level 3 spell: Conjure Flame
  4171 | D:4      | Reached XP level 6. HP: 40/41 MP: 5/10
  4236 | D:4      | Reached skill level 5 in Conjurations
  4334 | D:4      | Found a sparkling altar of Nemelex Xobeh.
  4341 | D:4      | Found an ancient bone altar of Kikubaaqudgha.
  4366 | D:4      | Became a worshipper of Kikubaaqudgha
  4465 | D:4      | Found a basalt altar of Yredelemnul.
  4467 | D:4      | Noticed a profane servitor
  4703 | D:4      | Found a glowing golden altar of the Shining One.
  4734 | D:4      | Noticed mibe's ghost (amateur HuHu)
  4816 | D:5      | Entered Level 5 of the Dungeon
  5050 | D:5      | Learned a level 3 spell: Mephitic Cloud
  5099 | D:5      | Found a radiant altar of Vehumet.
  5273 | D:5      | Noticed a moth of wrath
  5276 | D:5      | Found a bloodstained altar of Trog.
  5303 | D:5      | Reached XP level 7. HP: 46/46 MP: 10/12
  5745 | D:5      | Reached skill level 1 in Fighting
  5891 | D:5      | Learned a level 2 spell: Repel Missiles
  5951 | D:6      | Noticed Duvessa
  5951 | D:6      | Noticed Dowan
  6074 | D:6      | Reached XP level 8. HP: 56/58 MP: 11/15
  6286 | D:6      | Killed Dowan
  6553 | D:6      | Killed Duvessa
  6747 | D:6      | Reached skill level 5 in Fighting
  6747 | D:6      | Reached skill level 5 in Dodging
  7065 | D:7      | Found a stormy altar of Qazlal.
  7107 | D:7      | Reached * piety under Kikubaaqudgha
  7107 | D:7      | Received a gift from Kikubaaqudgha
  7110 | D:7      | Identified Kikubaaqudgha's Papyrus of Sinister Rituals (Kikubaaqudgha gifted it to you on level 7 of the Dungeon)
  7113 | D:7      | Learned a level 1 spell: Animate Skeleton
  7372 | D:7      | Found a staircase to the Ecumenical Temple.
  7378 | Temple   | Entered the Ecumenical Temple
  7575 | D:7      | Reached skill level 1 in Necromancy
  7691 | D:8      | Found a snail-covered altar of Cheibriados.
  7729 | D:8      | Gained mutation: You are covered in fur (AC +1). [potion of beneficial mutation]
  7792 | D:8      | Noticed Psyche
  7917 | D:8      | Reached XP level 9. HP: 50/71 MP: 16/16
  8189 | D:8      | Found a snail-covered altar of Cheibriados.
  8591 | D:9      | Reached ** piety under Kikubaaqudgha
  8798 | D:9      | Learned a level 2 spell: Sublimation of Blood
  8812 | D:9      | Found a staircase to the Lair.
  9132 | D:9      | Reached XP level 10. HP: 83/83 MP: 13/17
  9767 | D:10     | Entered Level 10 of the Dungeon
  9867 | D:10     | Noticed a hill giant
 10078 | Lair:1   | Entered Level 1 of the Lair of Beasts
 10145 | Lair:1   | Noticed a spiny frog
 10173 | Lair:1   | Killed a spiny frog
 10173 | Lair:1   | Reached skill level 10 in Fighting
 10399 | Lair:1   | Reached skill level 1 in Short Blades
 10623 | Lair:1   | Noticed a black mamba
 10771 | Lair:1   | Reached *** piety under Kikubaaqudgha
 10771 | Lair:1   | Received a gift from Kikubaaqudgha
 10771 | Lair:1   | Reached skill level 1 in Polearms
 10772 | Lair:1   | Identified Kikubaaqudgha's Tome of Unholy Secrets (Kikubaaqudgha gifted it to you on level 1 of the Lair of Beasts)
 10927 | Lair:1   | Noticed a spiny frog
 10942 | Lair:1   | Killed a spiny frog
 10945 | Lair:1   | Reached skill level 10 in Dodging
 11008 | Lair:1   | Reached skill level 5 in Necromancy
 11206 | Lair:1   | Noticed a spiny frog
 11216 | Lair:1   | Killed a spiny frog
 11244 | Lair:1   | Reached skill level 5 in Polearms
 11250 | Lair:1   | Reached XP level 11. HP: 81/90 MP: 6/18
 11673 | Lair:1   | Found a blossoming altar of Fedhas.
 13447 | Lair:3   | Reached **** piety under Kikubaaqudgha
 13666 | Lair:3   | Found a snail-covered altar of Cheibriados.
 14137 | Lair:3   | Reached skill level 5 in Stealth
 14145 | Lair:3   | Reached XP level 12. HP: 71/97 MP: 4/19
 14152 | Lair:3   | Reached skill level 10 in Polearms
 14313 | Lair:3   | Reached ***** piety under Kikubaaqudgha
 14452 | Lair:3   | Noticed a six-headed hydra
 14709 | Lair:3   | Reached skill level 5 in Spellcasting
 15144 | Lair:3   | Killed a six-headed hydra
 15300 | Lair:1   | Learned a level 3 spell: Regeneration
 16441 | D:11     | Noticed Erica
 17780 | D:11     | Noticed a queen ant
 17817 | D:11     | Killed a queen ant
 17861 | D:11     | Found Puohoucw's Magic Scroll Emporium.
 17868 | D:11     | Bought a scroll of teleportation for 30 gold pieces
 17868 | D:11     | Bought a scroll of teleportation for 30 gold pieces
 17868 | D:11     | Bought a scroll of blinking for 75 gold pieces
 17868 | D:11     | Bought a scroll of fog for 20 gold pieces
 17877 | D:11     | Noticed Sonja
 17878 | D:11     | Noticed Gastronok
 18478 | Lair:1   | Learned a level 5 spell: Agony
 18605 | Lair:3   | Reached skill level 1 in Armour
 18803 | Lair:3   | Reached XP level 13. HP: 89/103 MP: 6/23
 18982 | Lair:4   | Reached ****** piety under Kikubaaqudgha
 20072 | Lair:5   | Upgraded the game from 0.18-a0-1800-gdc7a371 to 0.19-a0-4-ga5c5ac4
 20275 | Lair:5   | Reached skill level 5 in Armour
 20578 | Lair:5   | Found a glowing golden altar of the Shining One.
 21869 | Lair:6   | Found a staircase to the Snake Pit.
 22283 | Lair:6   | Found a staircase to the Swamp.
 23144 | Lair:7   | You fall through a shaft!
 23144 | Lair:8   | Entered Level 8 of the Lair of Beasts
 23764 | Lair:7   | Reached XP level 14. HP: 64/110 MP: 2/24
 25576 | Lair:8   | Reached skill level 10 in Spellcasting
 26302 | Lair:8   | Found an oddly glowing altar of Pakellas.
 27212 | Lair:8   | Found a staircase to the Slime Pits.
 27322 | Lair:8   | Reached XP level 15. HP: 80/115 MP: 28/31
 28160 | Lair:1   | Learned a level 5 spell: Dispel Undead
 28166 | Lair:1   | Learned a level 4 spell: Iskenderun's Mystic Blast
 28962 | D:11     | Killed Gastronok
 29128 | D:11     | Killed Sonja
 29520 | D:12     | Found Dudaniv's Weapon Boutique.
 30318 | D:12     | Reached skill level 15 in Dodging
 30689 | D:12     | Found a staircase to the Orcish Mines.
 31028 | Orc:1    | Entered Level 1 of the Orcish Mines
 31549 | Orc:2    | Entered Level 2 of the Orcish Mines
 31549 | Orc:2    | Found a staircase to the Elven Halls.
 31906 | Orc:2    | Paralysed by an orc sorcerer for 7 turns
 31911 | Orc:2    | Noticed Saint Roka
 32483 | Orc:1    | Noticed an orc warlord
 33269 | Orc:2    | Noticed Blork the orc
 33279 | Orc:2    | Killed Blork the orc
 33362 | Orc:2    | Killed Saint Roka
 33540 | Orc:2    | Found a roughly hewn altar of Beogh.
 34014 | Orc:2    | Found Gythusar's Jewellery Shoppe.
 34029 | Orc:2    | Found Jioschot's Antique Armour Shoppe.
 34045 | Orc:2    | Found Ibubas's Antique Weapon Shoppe.
 34061 | Orc:2    | Found Xuinte Ginn's General Store.
 34068 | Orc:2    | Bought a potion of heal wounds for 65 gold pieces
 34068 | Orc:2    | Bought a potion of curing for 39 gold pieces
 34707 | Orc:2    | Paralysed by an orc sorcerer for 4 turns
 34978 | Orc:1    | Reached XP level 16. HP: 126/126 MP: 28/32
 35441 | Orc:1    | Found Naifya's General Store.
 35447 | Orc:1    | Bought a scroll of identify for 26 gold pieces
 35511 | Orc:1    | Bought a bread ration for 65 gold pieces
 35548 | Orc:2    | Bought an ancient hat for 315 gold pieces
 35560 | Orc:2    | Identified the +1 hat "Gyraixt" {rElec Slay+2} (You bought it in a shop on level 2 of the Orcish Mines)
 37015 | D:13     | Noticed Snorg
 37025 | D:13     | Killed Snorg
 37650 | Lair:1   | Identified a +6 glaive of pain (a +4 glaive bloodied by Kikubaaqudgha)
 37650 | Lair:1   | Received a gift from Kikubaaqudgha
 37745 | Lair:1   | Learned a level 4 spell: Animate Dead
 37898 | Swamp:1  | Entered Level 1 of the Swamp
 38396 | Swamp:1  | Noticed a thorn hunter
 38472 | Swamp:1  | Killed a thorn hunter
 39298 | Swamp:2  | poor dude can't go to sleep
 40012 | Swamp:2  | Noticed a thorn hunter
 40027 | Swamp:2  | Killed a thorn hunter
 40332 | Swamp:3  | Noticed Kirke
 40356 | Swamp:3  | Killed Kirke
 40568 | Swamp:3  | Reached skill level 15 in Polearms
 41100 | Swamp:4  | Entered Level 4 of the Swamp
 41219 | Snake:1  | Entered Level 1 of the Snake Pit
 42394 | Snake:2  | Noticed Louise
 42444 | Snake:2  | Reached XP level 17. HP: 136/136 MP: 33/33
 42669 | Snake:1  | jesus
 45370 | D:14     | Found an oddly glowing altar of Pakellas.
 45556 | D:14     | Found a gate to the Vaults.
 45673 | D:15     | Entered Level 15 of the Dungeon
 45679 | D:15     | Found a staircase to the Depths.
 46566 | D:15     | Noticed Roxanne
 49346 | Snake:2  | Killed Louise
 50770 | Snake:3  | Noticed Azrael
 51026 | Snake:3  | Reached skill level 10 in Necromancy
 51366 | Snake:3  | Reached XP level 18. HP: 131/143 MP: 34/34
 52250 | Snake:3  | Killed Azrael
 53544 | Swamp:4  | Noticed Donald
 53567 | Swamp:4  | Killed Donald
 53608 | Swamp:4  | Reached skill level 5 in Charms
 53809 | Swamp:4  | Learned a level 2 spell: Shroud of Golubria
 53812 | Swamp:4  | Learned a level 1 spell: Apportation
 53840 | Swamp:4  | Reached skill level 1 in Translocations
 54038 | Swamp:4  | Got a warped lead amulet
 54039 | Swamp:4  | Identified the amulet "Jiemeogh" {RegenMP MR+} (You found it on level 4 of the Swamp)
 54262 | Swamp:4  | Got a decaying rune of Zot
 54563 | Lair:1   | Upgraded the game from 0.19-a0-4-ga5c5ac4 to 0.19-a0-14-gde87d98
 54695 | Vaults:1 | Entered Level 1 of the Vaults
 54715 | Vaults:1 | Noticed Aizul
 55368 | Snake:4  | Entered Level 4 of the Snake Pit
 55971 | Snake:4  | Found an oddly glowing altar of Pakellas.
 57745 | Snake:4  | Reached XP level 19. HP: 153/153 MP: 33/35
 58014 | Snake:4  | Reached skill level 15 in Fighting
 58632 | Snake:4  | Reached skill level 5 in Translocations
 60639 | Snake:4  | Got a serpentine rune of Zot
 61194 | D:14     | Killed Aizul
 62111 | Vaults:1 | Gained mutation: You are dopey. (Int -2) [a shining eye]
 62113 | Vaults:1 | Gained mutation: You are weak. (Str -2) [a shining eye]
 62115 | Vaults:1 | Lost mutation: You are dopey. (Int -2) [potion of cure mutation]
 62115 | Vaults:1 | Lost mutation: You are weak. (Str -2) [potion of cure mutation]
 62115 | Vaults:1 | Lost mutation: You are covered in fur (AC +1). [potion of cure mutation]
 62986 | Vaults:2 | Found Plog's Assorted Antiques.
 63128 | Vaults:2 | Reached XP level 20. HP: 163/167 MP: 38/38
 63226 | Vaults:2 | Reached skill level 1 in Air Magic
 64542 | Vaults:2 | Bought the +3 robe of Clouds {+Fly rElec} for 922 gold pieces
 64977 | Vaults:3 | Reached skill level 10 in Stealth
 65374 | Vaults:3 | Found a staircase to the Crypt.
 65683 | Vaults:3 | Found Zat Fant's Weapon Shop.
 66682 | Vaults:3 | Noticed Nikola
 66695 | Vaults:3 | Killed Nikola
 67311 | Vaults:4 | Reached XP level 21. HP: 156/177 MP: 39/39
 67509 | Vaults:4 | Found Atimniqo's Magic Scroll Shoppe.
 67522 | Vaults:4 | Bought a scroll of blinking for 120 gold pieces
 67522 | Vaults:4 | Bought a scroll of blinking for 120 gold pieces
 67522 | Vaults:4 | Bought a scroll of teleportation for 48 gold pieces
 68715 | Lair:1   | Learned a level 6 spell: Simulacrum
 68785 | D:10     | Killed Erica
 68871 | Elf:1    | Entered Level 1 of the Elven Halls
 68886 | Orc:2    | Reached skill level 1 in Evocations
 69004 | Elf:1    | Reached skill level 1 in Ice Magic
 69545 | Elf:1    | Found a deep blue altar of Sif Muna.
 69612 | Elf:1    | Got an agate-encrusted ring mail
 69613 | Elf:1    | Identified the cursed +1 ring mail of Jebre {rElec rN+ Dex-5 SInv} (You found it on level 1 of the Elven Halls)
 71179 | Elf:2    | Found a runed gate.
 71179 | Elf:2    | Found a runed gate.
 71180 | Elf:2    | Found a runed gate.
 71365 | Elf:3    | Entered Level 3 of the Elven Halls
 72542 | Elf:3    | Reached XP level 22. HP: 171/190 MP: 40/40
 73286 | Elf:3    | Got a translucent lapis lazuli ring
 73361 | Elf:3    | Identified the ring of Saohaoh {*Drain rElec rN+ Int+4 Stlth+} (You took it off a deep elf death mage on level 3 of the Elven Halls)
 73398 | Elf:3    | Identified a +1 rod of clouds (9/9) (You found it on level 3 of the Elven Halls)
 73452 | Elf:3    | Identified the Handbook of Enthralling Toxins
 73966 | Crypt:1  | Entered Level 1 of the Crypt
 75736 | Crypt:2  | Reached skill level 5 in Summonings
 76240 | Crypt:3  | Entered Level 3 of the Crypt
 77049 | Crypt:3  | Reached XP level 23. HP: 201/201 MP: 30/41
 77053 | Crypt:3  | Identified Duaw's Almanac of Black Rituals
 77619 | Crypt:3  | Found an ancient bone altar of Kikubaaqudgha.
 77970 | Crypt:3  | Noticed an ancient lich
 77982 | Crypt:3  | Killed an ancient lich
 78017 | Crypt:3  | Got a twitching copper amulet
 78017 | Crypt:3  | Got a scintillating brass ring
 78019 | Crypt:3  | Identified the amulet of Absolutism {rElec rF+ Regen+ Slay+4} (You found it on level 3 of the Crypt)
 78020 | Crypt:3  | Identified the ring of Conversion {rN+ Str+4} (You found it on level 3 of the Crypt)
 78025 | Crypt:3  | Got a shimmering glass ring
 78026 | Crypt:3  | Identified the ring of Plog {rN+ Str+3} (You found it on level 3 of the Crypt)
 78032 | Crypt:3  | Got a heavily runed granite ring
 78034 | Crypt:3  | Identified the ring of the Iron Devil {+Fly Str-5 Dex+6} (You found it on level 3 of the Crypt)
 78693 | Crypt:3  | Found a staircase to the Tomb.
 79274 | Depths:1 | Entered Level 1 of the Depths
 79753 | Depths:1 | Reached skill level 15 in Spellcasting
 79934 | Depths:1 | Found a gateway to Hell.
 79984 | Depths:1 | Reached skill level 10 in Summonings
 80421 | Depths:1 | Found Lykeg's One-of-a-Kind Books.
 80583 | Depths:2 | Found a one-way gate to the infinite horrors of the Abyss.
 81007 | Depths:1 | Reached XP level 24. HP: 126/211 MP: 26/42
 82465 | Lair:1   | Learned a level 7 spell: Malign Gateway
 83251 | Depths:2 | Found a one-way gate leading to the halls of Pandemonium.
 85252 | Depths:4 | Reached skill level 10 in Translocations
 85532 | Depths:4 | Found a corrupted altar of Lugonu.
 86329 | Vaults:4 | Bought a scroll of brand weapon for 320 gold pieces
 86329 | Vaults:4 | Bought a scroll of summoning for 152 gold pieces
 87031 | Depths:5 | Entered Level 5 of the Depths
 87031 | Depths:5 | Noticed Frederick
 87053 | Depths:5 | Found Gozunan's Antique Armour Boutique.
 87078 | Depths:5 | Found Zecin's Distillery.
 87118 | Depths:5 | Reached XP level 25. HP: 133/217 MP: 43/43
 87624 | Depths:5 | Found Parroetz's Assorted Antiques.
 87674 | Depths:5 | Found Sitsuv's Armour Emporium.
 87721 | Depths:5 | Bought a potion of heal wounds for 75 gold pieces
 87721 | Depths:5 | Bought a potion of curing for 45 gold pieces
 87721 | Depths:5 | Bought a potion of might for 60 gold pieces
 87721 | Depths:5 | Bought a potion of agility for 60 gold pieces
 87721 | Depths:5 | Bought a potion of mutation for 37 gold pieces
 87785 | Depths:4 | Killed Frederick
 88030 | Depths:5 | Found Polulu's General Store.
 88039 | Depths:5 | Bought a potion of might for 92 gold pieces
 88116 | Depths:5 | Found a gateway to a ziggurat.
 88817 | Depths:5 | Found a gate to the Realm of Zot.
 89722 | Vaults:5 | Entered Level 5 of the Vaults
 89732 | Vaults:5 | not bad
 89732 | Vaults:5 | so far
 89938 | Vaults:5 | Found Tiavvutu's Magic Scroll Emporium.
 89952 | Vaults:5 | Bought a scroll of vulnerability for 150 gold pieces
 89952 | Vaults:5 | Bought a scroll of teleportation for 60 gold pieces
 90025 | Vaults:5 | Found Oqikupe's Distillery.
 90032 | Vaults:5 | Bought 2 potions of heal wounds for 150 gold pieces
 90032 | Vaults:5 | Bought a potion of heal wounds for 75 gold pieces
 90032 | Vaults:5 | Bought a potion of heal wounds for 75 gold pieces
 90032 | Vaults:5 | Bought a potion of curing for 45 gold pieces
 90091 | Vaults:5 | Found Xaos's Book Shop.
 90184 | Vaults:5 | Got a pitted ring mail
 90185 | Vaults:5 | Identified the +5 ring mail "Nimahia" {rElec rN+} (You found it on level 5 of the Vaults)
 90204 | Vaults:5 | Reached skill level 15 in Summonings
 90372 | Vaults:5 | HP: 8/217 [titan/bolt of lightning (15)]
 90373 | Vaults:5 | Mangled by a titan

Vault maps used:
D:1:      kb_arrival_jail, nemelex_deck
D:2:      uniq_natasha, uniq_terence, uniq_robin
D:3:      uniq_iyjb
D:4:      grunt_temple_overflow_holy_war, grunt_temple_overflow_open,
          serial_forest, infiniplex_forest_lined_3_way,
          infiniplex_forest_clump_curved, infiniplex_forest_clump_double,
          infiniplex_forest_clump_long, infiniplex_forest_lined_2, first_bread,
          minmay_misc_feat_alley, kennysheep_boxes
D:5:      tgw_trog, fiery_altar_vehumet
D:6:      enter_ossuary_5, serial_bayou_crossing, uniq_duvessa
D:7:      nicolae_qazlal_general_emergency, minmay_temple_entry_enclosed_plants
D:8:      cheibriados_altar_1, basic_altar, the_bakery, uniq_psyche
D:9:      erik_lair_orcish_takeover
D:11:     serial_shops, shop, zaba_anthell, uniq_sonja, uniq_erica,
          uniq_gastronok
D:12:     david_orc_1_choice, serial_shops, shop
D:13:     lemuel_castle_with_subvaults, minmay_misc_feat_pillars,
          hangedman_cracks_in_the_wall, uniq_snorg
D:14:     david_vaults_4, minmay_misc_feat_hallway, grunt_pakellas_basics
D:15:     grunt_enter_depths_giant_problem, uniq_roxanne
Temple:   circular_temple_12
Lair:1:   basic_altar
Lair:3:   kennysheep_snail_temple, grunt_megastairs_1
Lair:4:   roderic_lost_polar_bear
Lair:5:   basic_altar, minivault_23, minmay_holes
Lair:6:   swamp_mist_pool, minmay_snake_entry_guardpost_small,
          serial_bayou_pond_d
Lair:8:   minmay_lair_end_enchanted_forest, slime_dummy, basic_altar,
          infiniplex_staircase_pool
Swamp:1:  evilmike_swamp_ruin_house_2
Swamp:2:  nicolae_swamp_trees_clearing, swamp_pool1
Swamp:3:  evilmike_swamp_ruin_rubble_2, uniq_kirke
Swamp:4:  swamp, evilmike_swamp_ruin_house_4, uniq_donald
Snake:1:  st_stairs_13, serial_bayou_shore_a, uniq_louise
Snake:2:  st_stairs_8
Snake:3:  serial_bayou_shore_b, uniq_azrael
Snake:4:  snake_pit, basic_altar
Orc:1:    serial_shops, shop
Orc:2:    grunt_orc_cross
Elf:1:    minmay_elf_arrival_summoners, basic_altar,
          hangedman_elven_crosses_minicolossus, columned_hall_lemuel,
          grunt_ministairs_10
Elf:2:    serial_sigils_hangedman_scratch, amethyst_killhole
Elf:3:    minmay_elf_hall_x, abandoned_shop, grunt_megastairs_5
Vaults:1: nicolae_vaults_hallways_thing, grunt_vaults_hallway_long,
          hangedman_vaults_pinch, v_rooms_3, vaults_room_ringed_pool, v_misc_19,
          nicolae_vaults_little_squares_5, v_misc_27, vaults_room_door_hall,
          nicolae_vaults_little_squares_1, hangedman_vaults_stretched_pinwheel,
          hangedman_vaults_trim, uniq_aizul
Vaults:2: vaults_room_hallway, vaults_mumra_lcd, v_misc_26,
          hangedman_vaults_stagger, ontoclasm_vaults_decontamination,
          hangedman_vaults_stretched_pinwheel, v_alt_pattern_3, serial_shops,
          shop_statue
Vaults:3: minmay_crypt_entry_simple_box, st_smaller_cells, v_misc_32,
          vaults_room_octagon, v_misc_15, nicolae_vaults_alarming,
          v_alt_pattern_2, grunt_vaults_funnel, v_alt_pattern_5,
          ontoclasm_vaults_twist, hangedman_vaults_trim,
          hangedman_vaults_impose, serial_shops, shop, uniq_nikola
Vaults:4: ontoclasm_vaults_claustrophobia, hangedman_vaults_slice,
          hangedman_vaults_snaps, vaults_room_semicircle, ontoclasm_vaults_chip,
          ontoclasm_vaults_eye, v_misc_3, vaults_dpeg_doors, vaults_room_boxed,
          serial_shops, shop_fountains
Vaults:5: serial_shops
Crypt:1:  st_stairs_5
Crypt:2:  grunt_ministairs_10, uniq_saint_roka
Crypt:3:  evilmike_haunted_forest
Depths:1: serial_corexii_hall, corexii_hall_statues_l, corexii_hall_statues_x,
          corexii_hall_statues_x, corexii_hall_statues_l,
          kennysheep_nondescript, pf_hell_entry_tar_spiral, nicolae_rare_books
Depths:2: minmay_imperfect_grid, pan_entry, minivault_11, hell_entry,
          abyss_entry, corner_web_ring
Depths:3: evilmike_horseshoe, lightli_too_deep, pan_entry, kennysheep_cross_room
Depths:4: minmay_smoke_and_mirrors, abyss_entry_flame_altar, hellmouth_3,
          infiniplex_staircase_zigzag_4, nrook_mini_vaults,
          kennysheep_generic_room_2
Depths:5: grunt_zot_entry_hairpin, enter_ziggurat_c, hell_entry, pan_entry,
          serial_shops, shop, shop, shop_fountains, nicolae_shop_trees,
          shop_fountains, mu_enter_wizlab_3, st_stairs_11, uniq_frederick

Skill      XL: |  1  2  3  4  5  6  7  8  9 10 11 12 13 14 15 16 17 18 19 20 21 22 23 24 25 |
---------------+----------------------------------------------------------------------------+-----
Conjurations   | 1 2 3 4 5 |  5.4
Spellcasting   | 4 7 12 14 15 16 | 16.0
Fighting       | 3 6 9 10 11 13 14 16 18 19 21 22 | 22.2
Dodging        | 3 5 8 10 12 13 16 17 18 19 20 | 20.8
Necromancy     | 1 3 5 6 8 10 12 | 12.0
Short Blades   | 1 |  1.0
Polearms       | 5 9 11 12 15 18 20 22 | 22.5
Stealth        | 5 6 7 13 | 13.0
Charms         | 2 5 |  5.1
Armour         | 1 6 |  6.5
Translocations | 4 5 10 11 | 11.1
Air Magic      | 2 |  2.7
Evocations     | 3 |  3.9
Ice Magic      | 4 |  4.0
Summonings     | 6 12 13 15 | 15.2

Action                   |  1- 3 |  4- 6 |  7- 9 | 10-12 | 13-15 | 16-18 | 19-21 | 22-24 | 25-27 || total
-------------------------+-------+-------+-------+-------+-------+-------+-------+-------+-------++-------
Melee: Club              |     1 |       |       |       |       |       |       |       |       ||     1
       Spear             |    45 |    90 |   319 |  1196 |  2351 |       |       |       |       ||  4001
       Glaive            |       |       |       |       |   132 |  1611 |  1655 |  1851 |   415 ||  5664
       Tailslap          |       |       |       |       |       |    10 |       |     4 |     1 ||    15
       Bardiche          |       |       |       |       |       |       |       |    46 |       ||    46
 Fire: Blowgun           |       |       |    11 |     4 |    26 |       |       |       |       ||    41
 Cast: Magic Dart        |    59 |    24 |    54 |   114 |   113 |    88 |    39 |    51 |     3 ||   545
       Call Imp          |     3 |    20 |     4 |    12 |     8 |     3 |       |       |       ||    50
       Mephitic Cloud    |       |     1 |    26 |    59 |   128 |    31 |    16 |    44 |    20 ||   325
       Conjure Flame     |       |       |    12 |    74 |    73 |    39 |    33 |    46 |     3 ||   280
       Repel Missiles    |       |       |     2 |     3 |     3 |    17 |    21 |     4 |     4 ||    54
       Animate Skeleton  |       |       |     3 |    28 |   141 |    38 |    36 |    21 |    11 ||   278
       Blink             |       |       |     1 |     7 |    20 |    21 |     5 |    13 |     5 ||    72
       Sublimation of Bl |       |       |       |     7 |     4 |     6 |       |     5 |       ||    22
       Regeneration      |       |       |       |     3 |    58 |   103 |    72 |    92 |    20 ||   348
       Agony             |       |       |       |     1 |    58 |    85 |    84 |    59 |    33 ||   320
       Iskenderun's Myst |       |       |       |       |    20 |    27 |     3 |    13 |     1 ||    64
       Dispel Undead     |       |       |       |       |    16 |    25 |    18 |   139 |     8 ||   206
       Animate Dead      |       |       |       |       |       |   143 |    92 |    69 |    26 ||   330
       Shroud of Golubri |       |       |       |       |       |     4 |    11 |    14 |     2 ||    31
       Apportation       |       |       |       |       |       |       |     8 |     6 |     1 ||    15
       Simulacrum        |       |       |       |       |       |       |       |       |     8 ||     8
       Malign Gateway    |       |       |       |       |       |       |       |       |     1 ||     1
Invok: Receive Corpses   |       |       |       |     1 |     1 |    17 |     7 |     1 |     5 ||    32
       Brand Weapon With |       |       |       |       |       |     1 |       |       |       ||     1
Evoke: Wand              |       |       |       |     3 |     8 |    14 |       |     1 |       ||    26
       Fan of gales      |       |       |       |       |     1 |     1 |     1 |       |       ||     3
       Lamp of fire      |       |       |       |       |       |       |     1 |       |       ||     1
  Use: Scroll            |     1 |       |    18 |    10 |     7 |    34 |     9 |    13 |    11 ||   103
       Potion            |       |       |     2 |     1 |       |    15 |     2 |       |    11 ||    31
 Stab: Sleeping          |       |     6 |    10 |    11 |     9 |    18 |    41 |    30 |     5 ||   130
       Distracted        |       |       |     1 |     4 |    11 |    21 |    19 |    16 |     3 ||    75
       Confused          |       |       |    10 |    37 |    96 |    12 |     8 |    13 |     5 ||   181
  Eat: Chunk             |     4 |    11 |    15 |    23 |    49 |    33 |    41 |    25 |    11 ||   212
       Bread ration      |       |       |       |     2 |     1 |     6 |     3 |     6 |       ||    18
       Meat ration       |       |       |       |     1 |     2 |     6 |     1 |       |       ||    10
       Fruit             |       |       |       |       |     1 |       |     1 |     3 |     2 ||     7
       Royal jelly       |       |       |       |       |     1 |       |       |       |       ||     1
       Beef jerky        |       |       |       |       |       |     2 |     1 |     2 |       ||     5
       Pizza             |       |       |       |       |       |       |     2 |     2 |       ||     4
Armor: Robe              |     5 |       |    52 |    77 |       |   173 |   190 |   316 |    55 ||   868
       Leather armour    |     5 |    20 |     8 |       |       |       |       |       |       ||    33
       Troll leather arm |       |       |       |    13 |   354 |    94 |       |       |       ||   461
Dodge: Dodged            |    40 |    37 |   155 |   453 |  1175 |  1163 |   855 |  1190 |   320 ||  5388
       Deflected         |       |       |     2 |     4 |     9 |    71 |    80 |    34 |    19 ||   219
